 Dungeon Crawl Stone Soup version 0.30-a0-263-ge22c4ad894 (webtiles) character file.

Game seed: 1189219725566468712

93 gzilladon the Chopper (level 4, 0/40 HPs)
             Began as a Hill Orc Monk on Oct 13, 2022.
             Killed from afar by an orc wizard (3 damage)
             ... with a magic dart
             ... on level 4 of the Dungeon.
             The game lasted 00:08:54 (2472 turns).

gzilladon the Chopper (Hill Orc Monk)               Turns: 2472, Time: 00:08:54

Health: 0/40       AC:  8    Str: 15    XL:     4   Next: 62%
Magic:  4/4        EV: 10    Int: 10    God:
Gold:   149        SH:  0    Dex: 13    Spells: 3/3 levels left

rFire   . . .      SeeInvis .    a - +0 hand axe
rCold   . . .      Faith    .    (no shield)
rNeg    . . .      Spirit   .    j - +0 scale mail
rPois   .          Reflect  .    (no helmet)
rElec   .          Harm     .    (no cloak)
rCorr   .          Rampage  .    w - +0 pair of gloves
Will    .....                    u - +0 pair of boots
Stlth   +.........               s - amulet of regeneration
HPRegen 1.06/turn                v - ring of flight
MPRegen 0.09/turn                (no ring)

@: lethally poisoned (0 -> -13), flying
A: no striking features
a: no special abilities


You were on level 4 of the Dungeon.
You visited 1 branch of the dungeon, and saw 4 of its levels.

You collected 149 gold pieces.

Inventory:

Hand Weapons
 a - a +0 hand axe (weapon)
 r - a +0 halberd
Missiles
 e - 18 stones (quivered)
Armour
 b - a +0 robe
 h - a +0 ring mail
 j - a +0 scale mail (worn)
 u - a +0 pair of boots (worn)
 w - a +0 pair of gloves (worn)
Jewellery
 s - an amulet of regeneration (around neck)
 v - a ring of flight (left hand)
Scrolls
 f - 2 scrolls of torment {unknown}
 g - 2 scrolls of teleportation {unknown}
 i - 3 scrolls of identify {unknown}
 m - 2 scrolls of fog {unknown}
 o - 4 scrolls of fear {unknown}
 q - a scroll of poison {unknown}
Potions
 c - a potion of ambrosia
 d - 3 potions of curing {unknown}
 k - a potion of haste {unknown}
 l - a potion of mutation {unknown}
 n - 2 potions of heal wounds {unknown}
 p - a potion of resistance {unknown}
 t - 2 potions of flight {unknown}


   Skills:
 + Level 3.8 Fighting
 * Level 6.0 Axes
 + Level 0.9 Armour
 + Level 2.8 Dodging
 + Level 1.8 Stealth


You had 3 spell levels left.
You didn't know any spells.
Your spell library contained the following spells:

 Spells                   Type           Power      Damage    Failure   Level
 Cigotuvi's Dreadful Rot  Necr/Pois/Air  0%         N/A       93%         2
 Poisonous Vapours        Pois/Air       0%         N/A       93%         2
 Mephitic Cloud           Conj/Pois/Air  0%         N/A       99%         3


Dungeon Overview and Level Annotations

Branches:
Dungeon (4/15)
 Temple: D:4-7

Altars:
Elyvilon
Makhleb


Message History

You barely miss the orc. You hit the orc.
You feel sick. The orc hits you but does no damage.
The orc wizard hits you with a +0 dagger of venom.
You are more poisoned.
The orc closely misses you.
You hit the orc wizard.
The orc wizard is moderately wounded.
You closely miss the orc. You hit the orc but do no damage.
You feel very sick. The orc barely misses you.
The orc wizard hits you with a +0 dagger of venom.
You are more poisoned.
The orc closely misses you.
You hit the orc wizard.
The orc wizard is heavily wounded.
You hit the orc. You barely miss the orc.
You feel very sick. The orc hits you but does no damage.
The orc wizard hits you with a +0 dagger of venom.
You are more poisoned.
The orc hits you with a +0 short sword.
* * * LOW HITPOINT WARNING * * *
You hit the orc wizard.
The orc wizard is almost dead.
You hit the orc but do no damage. x2
* * * LOW HITPOINT WARNING * * *
You feel very sick. The orc barely misses you.
The orc wizard hits you but does no damage.
You are lethally poisoned!
The orc hits you but does no damage.
You closely miss the orc wizard.
The orc wizard is almost dead.
You hit the orc but do no damage. You hit the orc.
* * * LOW HITPOINT WARNING * * *
You feel very sick. The orc hits you but does no damage.
The orc wizard casts a spell at you. The magic dart hits you.
You die...

###............
..............#
...............
..............#
...............
..#............
.###...........
.##...#o).####.
......o@..#
......o..##
..........#
..........#
....##...##
...# ##.## ..#
#.# !. ###


You could see an orc wizard and 2 orcs.

Vanquished Creatures
  2 adders (D:2)
  A worm (D:3)
  4 orcs
  8 ball pythons
  8 endoplasms
  5 giant cockroaches
  3 goblins
  3 hobgoblins
  8 jackals
  A quokka (D:3)
  5 bats
  6 frilled lizards
  7 kobolds
  3 rats
64 creatures vanquished.

Notes
Turn   | Place    | Note
-------+----------+-------------------------------------------
     0 | D:1      | gzilladon the Hill Orc Monk began the quest for the Orb.
     0 | D:1      | Reached XP level 1. HP: 19/19 MP: 1/1
   376 | D:1      | Reached XP level 2. HP: 26/26 MP: 2/2
   938 | D:2      | Reached XP level 3. HP: 17/33 MP: 3/3
  1017 | D:2      | Found a burning altar of Makhleb.
  1139 | D:2      | Reached skill level 5 in Axes
  1380 | D:2      | Reached XP level 4. HP: 40/40 MP: 4/4
  1590 | D:3      | Found a white marble altar of Elyvilon.
  2466 | D:4      | Reached skill level 6 in Axes
  2472 | D:4      | Killed from afar by an orc wizard

Illustrated notes

Levels and vault maps discovered:
D:1:      minmay_arrival_nine_rooms, layout_basic, solitary_fountain,
          chequers_serial_rivers_micro_d
D:2:      layout_loops_ring, basic_altar, minmay_misc_feat_secret_circle
D:3:      layout_loops_ring, nicolae_overflow_crystal_walls
D:4:      layout_cave_pools, sigmund_army

Skill      XL: |  1  2  3  4 |
---------------+-------------+-----
Axes           | 5 6 |  6.0
Fighting       | |  3.8
Armour         | |  0.9
Dodging        | |  2.8
Stealth        | |  1.8

Action                   |  1- 3 |  4- 6 || total
-------------------------+-------+-------++-------
Melee: Hand axe          |   105 |    81 ||   186
       Punch             |     1 |     1 ||     2
Armor: Robe              |     7 |       ||     7
       Scale mail        |    43 |    40 ||    83
Dodge: Dodged            |    73 |    73 ||   146

Table legend: (Time is in decaauts)
 A = Elapsed time spent in this place.
 B = Non-inter-level travel time spent in this place.
 C = Inter-level travel time spent in this place.
 D = Time resting spent in this place.
 E = Time spent auto-exploring this place.
 F = Levels seen in this place.
 G = Mean time per level.
                   A        B        C        D        E       F      G
               +--------+--------+--------+--------+--------+-----+--------+
         Total |   2479 |   2174 |    305 |    134 |      0 |   4 |  619.8 |
       Dungeon |   2479 |   2174 |    305 |    134 |      0 |   4 |  619.8 |
               +--------+--------+--------+--------+--------+-----+--------+

Top non-repeatable levels by time:
     D:3: 868 daAuts
     D:1: 864 daAuts
     D:2: 667 daAuts
     D:4: 77 daAuts
